cohdb
Replays
Latest Replays
All Replays
Popular Replays
Top Player Replays
Match Explorer
How It Works
Community
CoH3 Stats
Reddit
Sign in to upload your games and track your stats! →
Sign in with Steam
Match 47481522
Unlisted
Match 47481522
Overview
Messages
Build Orders
End
Pioneer Squad
Pioneer Squad
Selects Terror Battlegroup
Selects Machine Gun Camouflage
Construct Infanterie Kompanie
MG 42 Machine Gun Team
MG 42 Machine Gun Team
Grenadier Squad
Construct Luftwaffe Kompanie
221 Scout Car
Jäger Squad
Selects Interrogate
Medical Station
Support Elements
Jäger Squad
Marder III M Tank Destroyer
Selects Jericho Trumpet
Jericho Trumpet
Marder III M Tank Destroyer
Pioneer Squad
Wirbelwind Flakpanzer
Jäger Squad
Jericho Trumpet
Wirbelwind Flakpanzer
Selects Defend the Fatherland
Defend the Fatherland
Wirbelwind Flakpanzer
Wirbelwind Flakpanzer
Pioneer Squad
Selects King Tiger Heavy Tank
Defend the Fatherland
Jäger Squad
King Tiger Heavy Tank
Pioneer Squad
Selects V1 Rocket Strike
V1 Rocket Strike
♠♣ Kvothe ♠♣
ROFLMAO
0
0
Comments
sign in to comment!
No comments posted yet!